 Dungeon Crawl Stone Soup version 0.21-a0-578-gc6e9d75 (webtiles) character file.

34 tidbits the Sneak (level 3, 0/15 HPs)
             Began as a Felid Transmuter on Dec 19, 2017.
             Slain by an orc wizard
             ... wielding a +0 dagger
              (1 damage)
             ... on level 4 of the Dungeon.
             The game lasted 00:05:45 (795 turns).

tidbits the Sneak (Felid Transmuter)                 Turns: 795, Time: 00:05:45

Health: 0/15       AC:  1    Str:  6    XL:     3   Next: 14%
Magic:  5/7        EV: 18    Int: 15    God:
Gold:   37         SH:  0    Dex: 16    Spells: 0/6 levels left
                                        Lives:  0   Deaths: 0

rFire    . . .     SeeInvis +     - Unarmed
rCold    . . .     Gourm    .   (shield unavailable)
rNeg     . . .     Faith    .   (armour unavailable)
rPois    .         Spirit   .   (helmet unavailable)
rElec    .         Reflect  .   (cloak unavailable)
rCorr    .         Harm     .   (gloves unavailable)
MR       .....                  (boots unavailable)
Stlth    +++.......             (no amulet)
HPRegen  0.05/turn              (no ring)
MPRegen  0.10/turn              (no ring)

@: quick
A: very small, no armour, no weapons or thrown items, stealth, claws 1, fangs 3,
see invisible, carnivore, speed 1, shaggy fur 1, slow metabolism 1, sharp paws
a: no special abilities


You were on level 4 of the Dungeon.
You were not hungry.

You visited 1 branch of the dungeon, and saw 5 of its levels.

You collected 37 gold pieces.

Inventory:

Missiles
 a - 10 arrows
 d - 28 stones
Scrolls
 e - a scroll of amnesia
 f - a scroll of identify {unknown}
 j - a scroll of fog {unknown}
Potions
 g - 2 potions of flight {unknown}
 h - 2 potions of haste {unknown}
 i - a potion of curing {unknown}
Books
 b - a book of Changes

   Spells                             Type                      Level
   a - Beastly Appendage              Transmutation                1
   b - Sticks to Snakes               Transmutation                2
   c - Spider Form                    Transmutation/Poison         3
   d - Ice Form                       Ice/Transmutation            4
   e - Blade Hands                    Transmutation                5
Comestibles
 c - 5 rations


   Skills:
 - Level 1.0 Fighting
 - Level 2.6 Dodging
 + Level 4.2 Stealth
 - Level 3.0 Unarmed Combat
 - Level 2.0 Spellcasting
 - Level 2.1 Transmutations


You couldn't memorise any spells.
You knew the following spells:

 Your Spells              Type           Power        Failure   Level  Hunger
e - Beastly Appendage     Tmut           #.....       9%          1    #......
k - Sticks to Snakes      Tmut           #.......     14%         2    ###....
p - Spider Form           Tmut/Pois      #.........   38%         3    ###....


Dungeon Overview and Level Annotations

Branches:
Dungeon (5/15)
 Temple: D:4-7

Altars:
Wu Jian


Innate Abilities, Weirdness & Mutations

You cannot wear armour.
You are incapable of wielding weapons or throwing items.
Your paws allow you to move quietly. (Stealth)
You have sharp claws.
You have razor-sharp teeth.
You have supernaturally acute eyesight. (SInv)
You are carnivorous and can eat meat at any time.
You cover ground quickly.
You are covered in fur. (AC +1)
You have a slow metabolism.
Your sharp claws are effective at attacking unaware monsters.


Message History

The orc wizard shouts!
The orc shouts!
You hear a shout! x2
The orc wizard shouts!
You hear a shout!
You hear a shout!
The frilled lizard hisses angrily.
Your transformation is almost over.
The orc wizard gestures wildly while chanting.
The orc wizard flickers and vanishes for a moment.
There is a stone staircase leading down here.
You climb downwards.
There is a stone staircase leading up here.
Your horns disappear.
Found a stone staircase leading up.
There is a stone staircase leading up here.
Casting: Beastly Appendage
Confirm with . or Enter, or press ? or * to list all spells.
You grow a pair of large bovine horns.
You can't go down here!
You climb upwards.
You hear the sound of rushing water.
There is an entrance to a sewer on this level.
Hurry and find it before the portal rusts away!
You hear the slow rusting of a drain.
There is a stone staircase leading down here.
An orc comes into view.
Found a mace.
Found a stone staircase leading up.
Found a hand axe.
Your transformation is almost over.
The orc shouts!
You scratch the orc. You bite the orc.
The orc is severely wounded.
The orc misses you.
Casting: Beastly Appendage
Confirm with . or Enter, or press ? or * to list all spells.
You create a snake!
You now have 10 arrows.
The orc misses you.
You barely miss the orc.
The orc is severely wounded.
The orc hits you.
Your adder bites the orc.
The orc dies!
Your horns disappear.
Found a smoking spear.
A quokka comes into view.
You swap places.
You swap places.
You closely miss the quokka. The quokka misses you.
Your adder bites the quokka.
The quokka bites you.
* * * LOW HITPOINT WARNING * * *
You scratch the quokka.
The quokka is almost dead.
Your adder bites the quokka but does no damage.
The quokka barely misses your adder.
You catch the helpless quokka completely off-guard!
You claw the quokka!
You kill the quokka!
Found a quarterstaff.
The orc wizard shouts!
Your adder withers and dies!
A jackal comes into view.
A jackal comes into view.
Okay, then.
Unknown command.
As you read the scroll labeled WEWOTT QUMO, it crumbles to dust.
It is a scroll of amnesia.
Forget which spell ([?*] list [ESC] exit)?
Forget which spell ([?*] list [ESC] exit)?
You don't know that spell.
Forget which spell ([?*] list [ESC] exit)?
Okay, then.
The jackal barks! x2
The jackal closely misses you. x2
The orc wizard gestures wildly while chanting.
The orc wizard seems to speed up.
Casting: Sticks to Snakes
Confirm with . or Enter, or press ? or * to list all spells.
You turn into a venomous arachnid creature.
The jackal closely misses you.
You hit the jackal.
You kill the jackal!
You hear the slow rusting of a very distant drain.
The jackal bites you but does no damage.
An orc comes into view. It is wielding a club.
Your transformation is almost over.
The orc wizard mumbles some strange words.
The orc wizard blinks!
The jackal completely misses you.
You hit the jackal.
The jackal is poisoned.
The jackal is almost dead.
The jackal completely misses you.
You kill the jackal!
An orc comes into view. It is wielding a falchion.
The orc wizard closely misses you. The orc wizard hits you with a dagger.
* * * LOW HITPOINT WARNING * * *
You hit the orc wizard.
The orc wizard is poisoned.
The orc wizard is lightly wounded.
The orc wizard hits you with a dagger.
* * * LOW HITPOINT WARNING * * *
You hit the orc wizard.
The orc wizard looks as sick as possible!
The orc wizard is moderately wounded.
Your transformation has ended.
The orc wizard hits you with a dagger.
You die...

#..#..#.#.#.## #........
#. ##........###
#....#### #
#..#.#.#....###.#.##
#...###.o.#.#.....#.#####
#### ##.##...#####......
#.##..## ####### #.##..#
#o##.)# # #@##..# ##
#.##..# ###. #.##... #...
#.###.# #.#. #.# #.# #.##
#.# #>## #.# #.# #.. ..#
### ##.#


You could see an orc wizard and an orc.

Vanquished Creatures
  5 giant cockroaches
  6 goblins
  3 hobgoblins
  2 jackals (D:4)
  2 quokkas
  A frilled lizard (D:2)
  3 kobolds
  7 rats
29 creatures vanquished.

Vanquished Creatures (collateral kills)
  An orc (D:4)
1 creature vanquished.

Grand Total: 30 creatures vanquished

Notes
Turn   | Place    | Note
-------+----------+-------------------------------------------
     0 | D:1      | tidbits the Felid Transmuter began the quest for the Orb.
     0 | D:1      | Reached XP level 1. HP: 9/9 MP: 4/4
    18 | D:1      | Reached skill level 1 in Stealth
    63 | D:1      | Reached skill level 2 in Stealth
    82 | D:1      | Reached XP level 2. HP: 8/12 MP: 6/6
    86 | D:1      | Learned a level 2 spell: Sticks to Snakes
   299 | D:1      | Reached skill level 3 in Stealth
   467 | D:2      | Found an ornate altar of the Wu Jian Council.
   625 | D:2      | Reached skill level 4 in Stealth
   635 | D:3      | Reached XP level 3. HP: 10/15 MP: 3/7
   640 | D:3      | Learned a level 3 spell: Spider Form
   667 | D:4      | Noticed an ogre
   698 | D:5      | Entered Level 5 of the Dungeon
   794 | D:4      | HP: 1/15 [orc wizard/dagger (4)]
   795 | D:4      | Slain by an orc wizard

Vault maps used:
D:1:      onia_arrival_larder, minmay_tetromino_l2
D:2:      old_standard_altar
D:3:      nicolae_overflow_crystal_walls, first_ration, st_stairs_9
D:4:      temple_hall, serial_shops, nicolae_shop_statue_plus,
          cheibrodos_sewer_entry_bend
D:5:      minmay_goblin_kobold_castle, old_standard_altar, elyvilon_altar_1,
          minmay_misc_feat_ornament

Skill      XL: |  1  2 |
---------------+-------+-----
Stealth        | 2 4 |  4.2
Fighting       | |  1.0
Dodging        | |  2.6
Unarmed Combat | |  3.0
Spellcasting   | |  2.0
Transmutations | |  2.1

Action                   || total
-------------------------++-------
Melee: Unarmed           ||    67
       Bite              ||    10
       Punch             ||     1
       Headbutt          ||     3
 Cast: Beastly Appendage ||    17
       Sticks to Snakes  ||     2
       Spider Form       ||     1
  Use: Scroll            ||     1
 Stab: Sleeping          ||     4
       Distracted        ||     1
Armor: Skin              ||     2
Dodge: Dodged            ||    41

Table legend:
 A = Spawn XP
 B = Non-spawn XP
 C = Spawn XP percentage of total XP
 D = Spawn monster count
 E = Non-spawn monster count
 F = Spawn count percentage of total count
 G = Total turns spent on level
                    A         B        C        D         E        F      G
               +---------+---------+-------+---------+---------+-------+---------
         Total |       0 |      49 |   0.0 |       0 |      30 |   0.0 |   795
               +---------+---------+-------+---------+---------+-------+---------
           D:1 |       0 |      21 |   0.0 |       0 |      14 |   0.0 |   392
           D:2 |       0 |      19 |   0.0 |       0 |      11 |   0.0 |   237
           D:3 |       0 |       1 |   0.0 |       0 |       1 |   0.0 |    20
           D:4 |       0 |       8 |   0.0 |       0 |       4 |   0.0 |   118
               +---------+---------+-------+---------+---------+-------+---------

Table legend:
 A = Turns spent in this place as a percentage of turns spent in the entire game.
 B = Non-inter-level travel turns spent in this place as a percentage of non-inter-level travel turns spent in the entire game.
 C = Inter-level travel turns spent in this place as a percentage of turns spent in this place.
 D = Turns resting spent in this place as a percentage of non-inter-level travel turns spent in this place.
 E = Turns spent auto-exploring this place as a percentage of non-inter-level travel turns spent in this place.
 F = Non-inter-level travel turns spent in this place divided by the number of levels of this place that you've seen.
                   A       B       C       D       E      F
               +-------+-------+-------+-------+-------+----------------------
         Total | 100.0 | 100.0 |   3.8 |   0.0 |   0.0 | 153.0
       Dungeon | 100.0 | 100.0 |   3.8 |   0.0 |   0.0 | 153.0
               +-------+-------+-------+-------+-------+----------------------

Table legend:
 A = Kills in this place as a percentage of kills in entire the game.
 B = Kills by you in this place as a percentage of kills by you in the entire game.
 C = Kills by friends in this place as a percentage of kills by friends in the entire game.
 D = Other kills in this place as a percentage of other kills in the entire game.
 E = Experience gained in this place as a percentage of experience gained in the entire game.
 F = Experience gained in this place divided by the number of levels of this place that you have seen.
                   A       B       C       D       E      F
               +-------+-------+-------+-------+-------+----------------------
         Total | 100.0 | 100.0 | 100.0 |   N/A | 100.0 |   9.8
       Dungeon | 100.0 | 100.0 | 100.0 |   N/A | 100.0 |   9.8
               +-------+-------+-------+-------+-------+----------------------

Vault maps used:
D:1:      onia_arrival_larder, minmay_tetromino_l2
D:2:      old_standard_altar
D:3:      nicolae_overflow_crystal_walls, first_ration, st_stairs_9
D:4:      temple_hall, serial_shops, nicolae_shop_statue_plus,
          cheibrodos_sewer_entry_bend
D:5:      minmay_goblin_kobold_castle, old_standard_altar, elyvilon_altar_1,
          minmay_misc_feat_ornament
